 Dungeon Crawl Stone Soup version 0.30.1-11-g7821555f0a (webtiles) character file.

Game seed: 3394634556864496726

36 comborobin the Chopper (level 3, -13/33 HPs)
             Began as a Hill Orc Delver on Dec 23, 2023.
             Mangled by a gnoll
             ... wielding a +1 halberd of holy wrath
              (16 damage)
             ... on level 3 of the Dungeon.
             The game lasted 00:00:17 (143 turns).

comborobin the Chopper (Hill Orc Delver)             Turns: 143, Time: 00:00:18

Health: -13/33     AC:  3    Str: 16    XL:     3   Next: 37%
Magic:  3/3        EV: 11    Int: 10    God:
Gold:   0          SH:  0    Dex: 12    Spells: 2/2 levels left

rFire   . . .        a - +0 hand axe
rCold   . . .        (no shield)
rNeg    . . .        b - +0 leather armour
rPois   .            (no helmet)
rElec   .            (no cloak)
rCorr   .            (no gloves)
SInv    .            (no boots)
Will    .....        (no amulet)
Stlth   ++           (no ring)
HPRegen 0.25/turn    (no ring)
MPRegen 0.08/turn

%: no passive effects
@: no status effects
A: no striking features
a: no special abilities


You were on level 3 of the Dungeon.
You visited 1 branch of the dungeon, and saw 3 of its levels.

Inventory:

Hand Weapons
 a - a +0 hand axe (weapon)
Armour
 b - a +0 leather armour (worn)
Wands
 g - a wand of digging (3)
Scrolls
 c - a scroll of fog
 d - a scroll of amnesia {unknown}
 e - a scroll of fear


   Skills:
 + Level 3.6 Fighting
 - Level 4.9 Axes
 - Level 1.5 Dodging
 - Level 4.1 Stealth


You had 2 spell levels left.
You didn't know any spells.
Your spell library was empty.

Dungeon Overview and Level Annotations

Branches:
Dungeon (5/15)
 Temple: D:4-7

Altars:


Message History

Your extra speed is starting to run out.
(D) Dungeon
Where to? (? - help)
Found 13 gold pieces.
You feel yourself slow down.
There is a stone staircase leading up here.
You climb upwards.
You hear the sound of rushing water.
There is an entrance to a sewer on this level.
Hurry and find it before the portal rusts away!
There is a stone staircase leading down here.
There are monsters nearby!
There are monsters nearby!
The helpless gnoll fails to defend itself.
You hit the gnoll.
The gnoll is moderately wounded.
The helpless bat fails to defend itself.
You hit the bat.
You kill the bat!
You closely miss the giant cockroach. The giant cockroach misses you.
The gnoll hits you with a +0 whip.
You hit the giant cockroach.
The giant cockroach is heavily wounded.
You hit the gnoll.
The gnoll shouts!
The giant cockroach bites you but does no damage.
The gnoll misses you. The gnoll barely misses you.
Unknown command.
The giant cockroach closely misses you. The gnoll barely misses you.
The gnoll hits you from afar with a +0 spear.
The gnoll attacks as you move away! The gnoll hits you with a +0 whip.
The giant cockroach barely misses you.
The gnoll hits you from afar with a +0 spear!
* * * LOW HITPOINT WARNING * * *
The gnoll attacks as you move away! The gnoll closely misses you.
The giant cockroach bites you but does no damage.
The gnoll misses you.
The giant cockroach attacks as you move away!
The giant cockroach barely misses you.
The gnoll hits you from afar with a +1 halberd of holy wrath!
You die...

##########
#........# .
#.g......#
....####.g.>....#
#.....@Bg......#
#.######........#
#........#
#........#
###....### #....#
.....# ....#


You could see 3 gnolls and a giant cockroach.

Vanquished Creatures
  A hound (D:4)
  A dart slug (D:4)
  A ball python (D:4)
  A bat (D:3)
  A hobgoblin (D:4)
5 creatures vanquished.

Notes
Turn   | Place    | Note
-------+----------+-------------------------------------------
     0 | D:5      | comborobin the Hill Orc Delver began the quest for the Orb.
     0 | D:5      | Reached XP level 1. HP: 19/19 MP: 1/1
    59 | D:4      | Noticed a hound
    74 | D:4      | Killed a hound
    75 | D:4      | Reached XP level 2. HP: 10/26 MP: 2/2
    75 | D:4      | Reached XP level 3. HP: 12/31 MP: 3/3
   143 | D:3      | Mangled by a gnoll

Illustrated notes

Levels and vault maps discovered:
D:3:      layout_rooms, cheibrodos_sewer_entry_drain, st_stairs_8,
          uniq_crazy_yiuf_cottage
D:4:      layout_basic, minmay_crystal_room, uniq_edmund
D:5:      layout_loops_ring, uniq_sigmund

Skill      XL: |  1 |
---------------+----+-----
Axes           | 4 |  4.9
Fighting       | |  3.6
Dodging        | |  1.5
Stealth        | |  4.1

Action                     || total
---------------------------++-------
  Melee: Hand axe          ||    21
    Use: Scroll            ||     1
         Potion            ||     1
   Stab: Sleeping          ||     3
 Armour: Leather armour    ||     6
  Dodge: Dodged            ||    23
